Map: 天界封锁

Players

二年级二班永亮

  • Race: Zerg Zerg
  • League: Gold

御坂妹妹

  • Race: Zerg Zerg
  • League: Diamond
  • Spawn Location: 6:00

VOD

Have the link to the VOD?

Description

Time

  • Played on: March 24, 2018, 5:14 a.m.
  • Length: 15:55
Show
View Real Time Build Order
Export as new Build Order

二年级二班永亮 Zerg 

Build Orders:  

Get SALT Encoding   

  12  0:03  Infested SCV  
  13  0:12  Infested SCV  
  14  0:20  Infested SCV  
  15  0:31  Overlord  
  15  0:56  Infested SCV x2  
  17  1:05  Infested SCV  
  18  1:23  Infested SCV  
  19  1:38  Infested Command Center, Infested SCV  
  20  1:48  Infested Refinery  
  20  1:54  Overlord  
  20  2:09  Infested SCV  
  21  2:21  Infested Barracks  
  21  2:29  Infested SCV  
  22  2:41  Infested SCV  
  23  2:57  Infested Colonist Compound  
  23  3:00  Infested SCV  
  24  3:13  Infested SCV  
  25  3:25  Infested SCV  
  25  3:26  Infested Bunker, Infested SCV  
  25  3:27  Overlord  
  31  3:42  Infested Factory  
  31  4:13  Infested Bunker  
  35  4:43  Infested Barracks Tech Lab, Infested Barracks  
  35  4:48  Infested Starport  
  39  5:11  Infested Bunker  
  43  5:35  Overlord x2  
  39  5:41  Infested Engineering Bay  
  43  6:03  Infested Bunker  
  47  6:20  Retinal Augmentation  
  47  6:24  Infested Bunker  
  47  6:42  Infested Armory  
  51  7:01  Infested Bunker  
  59  7:54  Infested Command Center  
  59  7:57  Calcified Armor  
  59  7:58  Infested Bunker  
  59  8:03  Pneumatized Carapace  
  67  8:43  Overseer  
  67  8:47  Infested Bunker  
  67  8:53  Infested Bunker  
  67  9:08  Overlord  
  67  9:09  Overlord x2  
  67  9:41  Infested Bunker  
  67  9:51  Infested Bunker  
  67  9:55  Plagued Munitions  
  71  10:18  Overseer x2  
  67  10:42  Infested Bunker  
  71  10:51  Infested Bunker  
  71  11:19  Infested Bunker  
  75  12:21  Infested Marine  
  75  12:22  Infested Marine x10  
  82  12:54  Infested Marine x2  
  82  12:55  Overseer, Infested Marine x4  
  80  13:07  Infested Marine  
  80  13:08  Infested Bunker, Infested Marine x3  
  80  13:09  Infested Marine x6  
  78  14:26  Overlord x4  
  51  14:47  Infested Bunker  
  51  14:48  Infested Bunker  
  47  15:25  Infested Barracks  
  47  15:27  Infested Marine  
  47  15:28  Infested Marine x9  
  47  15:29  Infested Marine  
Show
View Real Time Build Order
Export as new Build Order

御坂妹妹 Zerg 

Build Orders:  

Get SALT Encoding   

  6  0:11  Drone x2  
  6  0:19  Drone x2  
  8  0:33  Drone x2  
  8  0:40  Drone x2  
  8  0:49  Extractor  
  9  1:09  Drone x2  
  10  1:11  Drone x2  
  10  1:16  Drone x2  
  12  1:22  Overlord  
  12  1:40  Drone x2  
  12  1:41  Drone x2, Extractor  
  12  1:45  Overlord  
  13  1:55  Overlord  
  13  2:15  Pneumatized Carapace  
  13  2:21  Overlord  
  13  2:22  Overlord  
  13  2:30  Overlord  
  13  2:50  Overlord  
  13  2:51  Overlord  
  13  2:57  Overlord  
  13  3:19  Spawning Pool  
  13  4:07  Queen  
  15  4:30  Overlord  
  15  4:31  Overlord x2  
  15  4:57  Queen  
  17  5:41  Overlord  
  17  5:42  Overlord x4  
  17  5:47  Queen  
  19  6:37  Queen  
  21  6:41  Overlord x4  
  21  6:42  Overlord x2  
  21  6:59  Overlord  
  21  7:27  Queen  
  23  7:45  Overlord  
  23  7:46  Overlord x3  
  23  8:17  Queen  
  25  8:28  Overlord  
  25  8:29  Overlord x4  
  25  8:37  Overlord  
  25  9:07  Queen  
  27  9:35  Overlord  
  27  9:36  Overlord x4  
  27  9:57  Queen  
  29  10:00  Overlord  
  29  10:01  Overlord  
  29  10:47  Queen  
  31  11:10  Overlord  
  31  11:11  Overlord x5  
  31  11:37  Queen  
  33  12:27  Queen  
  35  13:17  Queen  
Tags
 
Commander
StukovZagara
Matchup
Co-op
Replay Pack
Co-op Speedrun
Add a new tag
Caveats
  • Supply blocks, unpowered buildings, or Contaminate may cause inaccurate times.
  • Supply counts are checked every 10 seconds.